Map: Hard Lead LE

Players

xanvalo - Winner!

  • Race: Protoss Protoss
  • League: Silver
  • Spawn Location: 5:00

KuriboShiaja

  • Race: Terran Terran
  • League: Silver
  • Spawn Location: 11:00

VOD

Have the link to the VOD?

Description

Time

  • Played on: Dec. 20, 2023, 12:57 p.m.
  • Length: 27:26
Show
View Real Time Build Order
Export as new Build Order

xanvalo Protoss - Winner!

Build Orders:  

Get SALT Encoding   

  12  0:01  Probe (Chrono Boost)  
  13  0:12  Probe (Chrono Boost)  
  14  0:16  Probe (Chrono Boost)  
  15  0:28  Pylon  
  15  0:39  Pylon  
  15  0:41  Assimilator  
  15  0:46  Probe  
  16  0:55  Gateway  
  16  1:27  Probe  
  18  1:40  Probe  
  18  1:48  Gateway  
  18  1:51  Cybernetics Core  
  18  2:01  Nexus  
  18  2:14  Assimilator  
  18  2:26  Forge  
  18  2:32  Gateway  
  18  2:37  Warp Gate  
  18  2:45  Probe (Chrono Boost)  
  19  2:53  Stalker  
  19  2:55  Probe (Chrono Boost)  
  22  2:59  Probe (Chrono Boost)  
  22  3:01  Protoss Ground Weapons Level 1  
  23  3:11  Probe (Chrono Boost)  
  24  3:19  Probe (Chrono Boost)  
  26  3:20  Probe (Chrono Boost)  
  26  3:30  Robotics Facility  
  26  3:38  Stalker  
  28  3:43  Stalker  
  30  3:52  Probe  
  31  4:04  Pylon  
  31  4:05  Probe  
  31  4:06  Shield Battery  
  32  4:17  Probe  
  33  4:19  Observer  
  34  4:29  Probe  
  35  4:38  Pylon  
  35  4:40  Twilight Council  
  35  4:41  Probe  
  36  4:53  Probe (Chrono Boost)  
  37  5:00  Stalker x2  
  37  5:01  Stalker  
  37  5:04  Probe (Chrono Boost)  
  44  5:09  Immortal, Probe (Chrono Boost)  
  49  5:19  Probe  
  50  5:29  Stalker  
  50  5:30  Stalker  
  50  5:31  Probe  
  55  5:41  Assimilator  
  55  5:48  Warp Prism  
  57  6:07  Charge  
  57  6:09  Stargate  
  57  6:10  Zealot  
  57  6:11  Zealot  
  61  6:24  Pylon  
  61  6:30  Probe  
  61  6:31  Pylon  
  62  6:37  Shield Battery  
  62  6:40  Templar Archives  
  62  6:42  Probe (Chrono Boost)  
  63  6:49  Zealot x3  
  63  6:51  Probe (Chrono Boost)  
  70  6:57  Probe (Chrono Boost)  
  70  7:02  Oracle  
  73  7:09  Probe  
  73  7:14  Observer  
  75  7:19  High Templar  
  77  7:30  Pylon  
  77  7:32  Pylon  
  77  7:38  Assimilator, Pylon  
  77  7:42  Probe  
  78  7:54  Probe (Chrono Boost)  
  79  8:00  Pylon  
  79  8:03  Pylon  
  79  8:06  Probe (Chrono Boost)  
  79  8:08  Immortal  
  84  8:15  Probe (Chrono Boost)  
  85  8:21  Probe  
  86  8:37  Gateway x2  
  86  8:38  High Templar  
  86  8:39  High Templar, Gateway  
  86  8:40  High Templar  
  86  8:41  Gateway  
  92  8:47  Immortal  
  92  8:48  Psionic Storm  
  96  9:04  Blink (Chrono Boost)  
  96  9:33  Stalker x3  
  96  9:35  Nexus, Protoss Ground Weapons Level 2  
  102  9:38  Pylon  
  102  9:40  Pylon  
  102  9:47  Photon Cannon  
  102  9:48  Photon Cannon  
  102  9:51  Photon Cannon  
  102  9:54  Shield Battery  
  102  9:55  Shield Battery  
  102  10:03  Gateway  
  102  10:05  Gateway  
  102  10:56  Zealot x3  
  102  10:57  Zealot x4  
  116  11:11  Observer  
  100  11:25  Stalker x2  
  100  11:26  Stalker x5  
  100  11:27  Stalker x2  
  118  11:38  Immortal (Chrono Boost)  
  122  12:00  Protoss Ground Armor Level 1  
  122  12:03  Shield Battery  
  122  12:05  Shield Battery  
  122  12:07  Shield Battery  
  122  12:10  Immortal  
  126  12:22  Pylon  
  126  12:23  Pylon  
  126  12:45  Shield Battery  
  126  12:48  Shield Battery  
  126  12:49  Immortal  
  126  12:51  Shield Battery  
  130  12:53  Shield Battery  
  130  12:56  Nexus  
  130  12:58  Photon Cannon  
  130  13:00  Photon Cannon  
  130  13:02  Photon Cannon  
  130  13:03  High Templar  
  130  13:04  High Templar x2  
  130  13:05  High Templar x2  
  138  13:06  High Templar x4  
  148  13:29  Immortal  
  152  14:11  High Templar  
  152  14:12  High Templar x3  
  152  14:13  High Templar  
  162  14:33  Fleet Beacon  
  162  14:36  Probe  
  163  14:48  Probe  
  164  14:54  Stalker  
  164  14:55  Pylon, Stalker x4  
  174  15:00  Probe, Pylon  
  174  15:04  Zealot x2  
  179  15:07  Pylon  
  179  15:12  Probe  
  179  15:14  Pylon  
  180  15:19  Pylon  
  180  15:24  Probe, Pylon  
  180  15:25  Assimilator  
  180  15:27  Assimilator, Protoss Ground Weapons Level 3 (Chrono Boost)  
  181  15:29  Pylon  
  181  16:07  Observer  
  181  16:17  Stargate  
  181  16:18  Stargate  
  181  16:37  Photon Cannon  
  181  16:38  Photon Cannon  
  181  16:40  Photon Cannon  
  181  18:07  Protoss Ground Armor Level 2  
  181  18:08  Photon Cannon  
  181  18:11  Photon Cannon  
  181  18:12  Probe (Chrono Boost)  
  182  18:13  Photon Cannon  
  182  18:19  Photon Cannon  
  188  18:21  Photon Cannon  
  188  18:22  Probe (Chrono Boost)  
  188  18:26  Photon Cannon  
  189  18:27  Probe (Chrono Boost)  
  189  18:28  Mothership  
  190  18:38  Photon Cannon, Probe  
  191  18:43  Photon Cannon  
  191  18:48  Photon Cannon  
  191  18:50  Probe  
  192  18:59  Assimilator  
  192  19:04  Assimilator  
  192  19:07  Photon Cannon  
  192  19:08  Photon Cannon  
  192  19:16  Photon Cannon  
  192  19:21  Photon Cannon  
  192  19:23  Photon Cannon  
  192  19:25  Nexus  
  192  19:28  Pylon  
  192  19:30  Pylon  
  192  20:07  High Templar x3  
  192  20:08  High Templar  
  200  20:28  Observer  
  200  20:32  Protoss Shields Level 1  
  200  20:38  Protoss Air Weapons Level 1  
  156  21:50  Archon x5  
  156  21:51  Archon x3  
  156  21:52  Archon  
  120  22:14  Observer  
  121  22:18  Zealot x6  
  121  22:19  Zealot x3  
  79  22:35  Observer  
  76  22:42  Gateway  
  76  22:46  Gateway x2  
  76  22:47  Protoss Air Armor Level 1  
  76  22:49  Gateway  
  76  22:51  Gateway  
  76  22:53  Gateway  
  76  22:57  Observer  
  77  22:59  Stalker x4  
  77  23:00  Stalker x4  
  77  23:01  Stalker  
  95  23:20  Observer  
  92  23:27  Carrier x2  
  104  23:35  Zealot x6  
  104  23:36  Zealot x3  
  122  23:42  Observer  
  123  24:03  Observer  
  123  24:06  Zealot  
  123  24:07  Zealot x7  
  123  24:08  Zealot x5  
  123  24:09  Zealot x2  
  154  24:25  Observer  
  155  24:31  Carrier x2  
  155  24:36  Stalker x4  
  155  24:37  Stalker x4  
  155  24:38  Stalker x3  
  187  24:39  Stalker x3  
  187  24:42  Zealot  
  191  25:30  Stalker x4  
  199  26:27  Assimilator  
  199  26:41  Nexus  
  199  26:55  Nexus, Assimilator  
  199  26:57  Pylon  
  199  26:58  Assimilator  
  199  26:59  Pylon  
  199  27:11  Gateway  
  199  27:13  Gateway  
  199  27:15  Gateway  
  199  27:17  Gateway  
Show
View Real Time Build Order
Export as new Build Order

KuriboShiaja Terran 

Build Orders:  

Get SALT Encoding   

  12  0:10  Supply Depot  
  12  0:18  Refinery  
  12  0:23  SCV  
  13  0:48  Refinery  
  13  1:00  SCV  
  14  1:24  SCV  
  15  1:30  Barracks  
  14  1:37  SCV  
  15  1:54  SCV  
  15  1:57  Command Center  
  16  2:06  SCV  
  17  2:08  Supply Depot  
  17  2:18  SCV, Refinery  
  17  2:20  Barracks Reactor  
  18  2:35  Factory  
  18  2:50  Bunker  
  18  2:57  Marine x2  
  20  3:07  Supply Depot  
  20  3:10  SCV  
  21  3:14  Marine  
  21  3:15  SCV  
  23  3:22  SCV  
  23  3:23  Factory Tech Lab  
  24  3:59  SCV  
  24  4:01  Marine x2, Engineering Bay  
  27  4:05  Siege Tank  
  30  4:19  Marine x2  
  30  4:20  SCV  
  33  4:32  SCV  
  33  4:33  Planetary Fortress  
  33  4:36  Marine  
  33  4:37  Marine  
  36  4:58  Factory  
  36  5:03  Starport  
  36  5:10  Refinery  
  36  5:11  SCV  
  37  5:16  Refinery  
  37  5:23  SCV  
  37  5:25  Marine  
  37  5:26  Marine  
  40  5:30  SCV  
  42  5:35  SCV  
  42  5:42  SCV, Starport  
  43  5:43  Marine x2, Medivac  
  43  5:47  SCV  
  48  5:52  Missile Turret  
  48  5:54  SCV  
  49  5:59  SCV  
  49  6:00  Missile Turret  
  50  6:07  SCV  
  51  6:12  SCV  
  51  6:13  Starport Reactor  
  51  6:18  Starport Reactor  
  52  6:19  SCV  
  53  6:33  Command Center  
  53  6:37  Missile Turret  
  53  6:41  Factory Tech Lab  
  53  6:49  Marine  
  53  6:50  Armory  
  54  7:03  Supply Depot  
  54  7:11  Missile Turret  
  54  7:24  Marine x2  
  54  7:25  SCV  
  54  7:26  Supply Depot  
  58  7:37  SCV  
  58  7:48  Refinery  
  58  7:49  Supply Depot  
  58  7:50  Refinery  
  58  7:55  SCV  
  59  8:03  Missile Turret  
  59  8:07  SCV  
  60  8:18  Supply Depot  
  60  8:19  SCV  
  61  8:29  Thor x2  
  61  8:32  Viking x2  
  77  8:38  Viking  
  77  8:40  Supply Depot  
  79  8:44  Viking  
  81  8:49  SCV  
  81  8:54  SCV  
  83  9:00  Orbital Command  
  83  9:01  SCV  
  84  9:03  Supply Depot  
  84  9:06  SCV  
  85  9:13  SCV  
  86  9:18  SCV  
  86  9:20  Viking x2  
  86  9:21  Viking  
  93  9:24  Viking  
  93  9:27  Supply Depot  
  93  9:30  SCV  
  96  9:38  Thor  
  96  9:45  Orbital Command  
  102  9:55  Thor  
  108  10:00  Terran Vehicle And Ship Armor Level 1  
  108  10:21  Thor  
  108  10:27  SCV  
  115  10:30  SCV  
  116  10:36  Viking x2  
  116  10:37  Viking  
  116  10:38  Viking  
  116  10:39  SCV  
  125  10:48  Supply Depot  
  125  10:58  Barracks Tech Lab  
  125  11:01  Starport  
  125  11:09  Thor, SCV  
  125  11:10  Supply Depot  
  132  11:16  Thor  
  132  11:27  Missile Turret  
  132  12:01  Viking  
  132  12:02  Viking  
  136  12:25  Thor x2  
  148  13:01  Viking x4  
  156  13:08  Thor  
  156  13:09  Supply Depot  
  162  13:28  Hi-Sec Auto Tracking  
  162  13:30  Thor  
  162  13:31  Viking x2  
  172  13:38  Ghost Academy  
  172  13:39  Viking  
  174  13:50  Thor  
  180  14:08  Ghost Academy  
  180  14:11  Viking x2  
  180  14:12  Viking  
  180  14:13  Viking  
  188  14:20  Viking, Thor  
  196  14:32  Terran Vehicle And Ship Armor Level 2  
  196  14:39  Ghost Academy  
  196  14:50  Viking, Ghost  
  200  15:10  Ghost Academy  
  200  15:19  Personal Cloaking  
  200  15:20  Nuke x2  
  200  15:41  Ghost Academy  
  199  16:11  Ghost Academy  
  198  16:45  Nuke  
  198  16:48  Terran Vehicle Weapons Level 1  
  198  17:08  Viking  
  200  17:19  Nuke x5  
  200  17:36  Nuke  
  199  18:15  Neosteel Armor  
  199  18:40  Command Center  
  199  18:42  Terran Ship Weapons Level 1  
  194  19:36  Ghost  
  196  19:54  Command Center  
  196  20:04  Ghost, Terran Infantry Armor Level 1  
  198  20:33  Ghost  
  200  20:36  Terran Vehicle And Ship Armor Level 3  
  200  20:44  Nuke  
  200  21:11  Refinery  
  200  21:13  Nuke  
  32  22:25  Factory Tech Lab  
  32  22:28  Starport Reactor  
  32  22:36  Factory Tech Lab  
  32  22:40  Viking  
  32  22:41  Viking x3  
  31  23:10  Viking  
  31  23:11  Viking x3  
  31  23:41  Viking  
  33  24:02  Barracks  
  23  24:59  Ghost Academy  
  23  25:00  Ghost Academy  
  23  25:02  Ghost Academy x2  
  23  25:05  Ghost Academy  
  22  25:08  Ghost Academy  
  22  25:10  Barracks Tech Lab  
  22  25:15  Bunker  
  22  25:22  SCV  
  22  25:24  Refinery  
  23  25:34  SCV  
  24  25:44  Factory  
  17  25:57  Supply Depot  
  17  26:23  Barracks  
  11  26:36  Command Center  
  9  27:12  Command Center  
Tags
 
Add a new tag
Caveats
  • Supply blocks, unpowered buildings, or Contaminate may cause inaccurate times.
  • Supply counts are checked every 10 seconds.